 Dungeon Crawl Stone Soup version 0.22.0-16-gc6d26f6 (webtiles) character file.

26 Amnesiac the Chiller (level 2, 0/19 HPs)
             Began as a Mummy Ice Elementalist on Aug 17, 2018.
             Was an Initiate of Vehumet.
             Slain by a kobold (2 damage)
             ... on level 1 of the Dungeon.
             The game lasted 00:01:47 (776 turns).

Amnesiac the Chiller (Mummy Ice Elementalist)        Turns: 776, Time: 00:01:47

Health: 0/19       AC:  2    Str: 11    XL:     2   Next: 89%
Magic:  1/6        EV: 12    Int: 14    God:    Vehumet [......]
Gold:   47         SH:  0    Dex: 12    Spells: 6/7 levels left

rFire    x . .     SeeInvis .   c - +0 mace
rCold    + . .     Gourm    .   (no shield)
rNeg     + + +     Faith    .   a - +0 robe
rPois    ∞         Spirit   .   (no helmet)
rElec    .         Reflect  .   (no cloak)
rCorr    .         Harm     .   (no gloves)
MR       .....                  (no boots)
Stlth    ++........             (no amulet)
HPRegen  0.06/turn              (no ring)
MPRegen  0.10/turn              (no ring)

@: very slightly contaminated
A: no food or potions, fire vulnerability, cold resistance 1, negative energy
resistance 3, torment resistance, unbreathing
a: Renounce Religion


You were on level 1 of the Dungeon.
You worshipped Vehumet.
Vehumet was noncommittal.
You were not hungry.

You visited 1 branch of the dungeon, and saw 4 of its levels.

You collected 47 gold pieces.

Inventory:

Hand Weapons
 c - a +0 mace (weapon)
Missiles
 f - 11 sling bullets
 g - 43 stones (quivered)
Armour
 a - a +0 robe (worn)
Jewellery
 i - an uncursed ring of ice {unknown}
Scrolls
 b - a scroll of blinking {!r, unknown}
 d - a scroll of enchant weapon {!r, unknown}
 e - a scroll of fog {!r, unknown}
 h - a scroll of identify {!r, unknown}


   Skills:
 - Level 1.5 Dodging
 - Level 1.5 Stealth
 + Level 3.1 Spellcasting
   Level 0.7 Conjurations
 * Level 3.2 Ice Magic


You had 6 spell levels left.
You knew the following spells:

 Your Spells              Type           Power        Failure   Level  Hunger
a - Freeze                Ice            ##..         5%          1    N/A

Your spell library contained the following spells:

 Spells                   Type           Power        Failure   Level  Hunger
 Throw Frost              Conj/Ice       #.....       14%         2    N/A
 Summon Ice Beast         Ice/Summ       #.......     73%         4    N/A
 Ozocubu's Armour         Chrm/Ice       #.......     32%         3    N/A
 Throw Icicle             Conj/Ice       #.......     67%         4    N/A

Dungeon Overview and Level Annotations

Branches:
Dungeon (4/15)
 Temple: D:4-7

Altars:
Vehumet
Wu Jian


Innate Abilities, Weirdness & Mutations

You do not eat or drink.
Your flesh is vulnerable to fire.
You are immune to poison.
Your flesh is cold resistant. (rC+)
You are immune to negative energy. (rN+++)
You are immune to unholy pain and torment.
You can survive without breathing.


Message History

You hit the jackal but do no damage. The rat bites you but does no damage.
The kobold misses you.
Casting: Freeze (safe; 6% risk of failure)
Confirm with . or Enter, or press ? or * to list all spells.
Aiming: Freeze (safe; 6% risk of failure)
Press: ? - help, Shift-Dir - straight line, f - jackal
Aim: a jackal You freeze the jackal.
You kill the jackal!
Vehumet accepts your kill. The jackal barely misses you.
The rat barely misses you. The goblin hits you with a club.
The kobold barely misses you.
A kobold comes into view.
There are monsters nearby!
You closely miss the jackal. The jackal misses you.
The jackal closely misses you.
The rat twitches its whiskers.
The rat closely misses you. The kobold hits you. The goblin barely misses you.
Casting: Freeze (safe; 5% risk of failure)
Confirm with . or Enter, or press ? or * to list all spells.
Aiming: Freeze (safe; 5% risk of failure)
Press: ? - help, Shift-Dir - straight line, f - jackal
Aim: a jackal You freeze the jackal.
The jackal is heavily wounded.
The kobold shouts!
The jackal barely misses you. The rat bites you. The kobold misses you.
The goblin hits you but does no damage. The jackal closely misses you.
There are monsters nearby!
You closely miss the jackal.
The jackal is heavily wounded.
The jackal barely misses you. The rat bites you.
* * * LOW HITPOINT WARNING * * *
The kobold hits you.
* * * LOW HITPOINT WARNING * * *
The goblin hits you with a club.
* * * LOW HITPOINT WARNING * * *
The jackal barely misses you. The kobold hits you but does no damage.
The rat barely misses you.
Casting: Freeze (safe; 5% risk of failure)
Confirm with . or Enter, or press ? or * to list all spells.
Aiming: Freeze (safe; 5% risk of failure)
Press: ? - help, Shift-Dir - straight line, f/p - jackal
Aim: a jackal (heavily wounded)
You freeze the jackal.
You kill the jackal!
Vehumet accepts your kill. The goblin hits you with a club.
* * * LOW HITPOINT WARNING * * *
The kobold closely misses you. The rat barely misses you.
The kobold closely misses you.
There are monsters nearby!
You are too injured to fight recklessly!
Casting: Freeze (safe; 5% risk of failure)
Confirm with . or Enter, or press ? or * to list all spells.
Aiming: Freeze (safe; 5% risk of failure)
Press: ? - help, Shift-Dir - straight line, f - kobold
Aim: a kobold You freeze the kobold.
The kobold is severely wounded.
The goblin barely misses you. The kobold hits you.
* * * LOW HITPOINT WARNING * * *
The rat bites you but does no damage. The kobold hits you.
You die...

#.# ###.# .# ## ....#
.# # #. ...##.# ..# #.
..##.# ...##. #....# #
.###...########....##.#
.......K..........%...#
#....†@#######.†..####
......grK..# #.#..##
.............##.#.>.#
...........#....#...#
..#.....#### ...#.....
.#.##.### ....#.#.###
#.⌠ ## .......#.. .#
......###### .


You could see a goblin, 2 kobolds and a rat.

Vanquished Creatures
  An ooze (D:2)
  A dart slug (D:1)
  A leopard gecko (D:1)
  A ball python (D:1)
  A bat (D:2)
  A goblin (D:1)
  3 hobgoblins
  5 jackals
  A kobold (D:2)
15 creatures vanquished.

Notes
Turn   | Place    | Note
-------+----------+-------------------------------------------
     0 | D:1      | Amnesiac the Mummy Ice Elementalist began the quest for the Orb.
     0 | D:1      | Reached XP level 1. HP: 13/13 MP: 4/4
   107 | D:1      | You fall through a shaft!
   187 | D:2      | Reached XP level 2. HP: 10/19 MP: 0/5
   395 | D:4      | Noticed a phantom
   395 | D:4      | Noticed a scorpion
   395 | D:4      | Noticed a howler monkey
   535 | D:3      | Found a radiant altar of Vehumet.
   535 | D:3      | Found an ornate altar of the Wu Jian Council.
   599 | D:3      | Became a worshipper of Vehumet
   776 | D:1      | Slain by a kobold

Skill      XL: |  1  2 |
---------------+-------+-----
Ice Magic      | 3 |  3.2
Spellcasting   | 3 |  3.1
Dodging        | |  1.5
Stealth        | |  1.5
Conjurations   | |  0.7

Action                   || total
-------------------------++-------
Melee: Mace              ||     6
 Cast: Freeze            ||    30
Armor: Robe              ||    10
Dodge: Dodged            ||    35
